NYP
HILLSBORO HOPS @ STATE COLLEGE SPIKES
05/18/2048
 
TOP OF THE 1ST
Hillsboro Hops batting - Pitching for State College Spikes : RHP Roberto Ruiz
Pitching: RHP Roberto Ruiz
Batting: RHB Yutaka Oki 0-0: Ground out 6-3 (Groundball, 6, EV 103.1 MPH)
Batting: RHB Daniel Rivera 0-0: Swinging Strike
0-1: Ball
1-1: Ball
2-1: Ball
3-1: Foul Ball, location: 2F
3-2: Foul Ball, location: 2F
3-2: Foul Ball, location: 2F
3-2: Strikes out swinging
Batting: RHB Terry Jarrells 0-0: Ball
1-0: Called Strike
1-1: Ball
2-1: Foul Ball, location: 2F
2-2: Ball
3-2: Fly out, F3 (Popup, 3SF, EV 75.0 MPH)
Top of the 1st over - 0 runs, 0 hits, 0 errors, 0 left on base; Hillsboro 0 - State College 0
BOTTOM OF THE 1ST
State College Spikes batting - Pitching for Hillsboro Hops : RHP Jordan Rondon
Pitching: RHP Jordan Rondon
Batting: RHB Bobby Miles 0-0: Called Strike
0-1: Ground out 6-3 (Groundball, 4MS, EV 70.0 MPH)
Batting: RHB Tim Cleary 0-0: Fly out, F3 (Line Drive, 34, EV 75.6 MPH)
Batting: LHB Ignacio Ocampo 0-0: Called Strike
0-1: Foul Ball, location: 2F
0-2: Strikes out swinging
Bottom of the 1st over - 0 runs, 0 hits, 0 errors, 0 left on base; Hillsboro 0 - State College 0
TOP OF THE 2ND
Hillsboro Hops batting - Pitching for State College Spikes : RHP Roberto Ruiz
Batting: LHB Franklin Quezada 0-0: Foul Ball, location: 2F
0-1: Ball
1-1: Foul Ball, location: 2F
1-2: Ball
2-2: Fly out, F7 (Flyball, 78S, EV 76.2 MPH)
Batting: RHB Jonathan Underhill 0-0: Fly out, F5 (Popup, 56S, EV 84.4 MPH)
Batting: RHB Cesar Rendon 0-0: Fly out, F8 (Flyball, 8LD, EV 100.6 MPH)
Top of the 2nd over - 0 runs, 0 hits, 0 errors, 0 left on base; Hillsboro 0 - State College 0
BOTTOM OF THE 2ND
State College Spikes batting - Pitching for Hillsboro Hops : RHP Jordan Rondon
Batting: RHB Joe LaDue 0-0: Ball
1-0: Foul Ball, location: 2F
1-1: Foul Ball, location: 2F
1-2: Ball
2-2: Foul Ball, location: 2F
2-2: Ball
3-2: Foul Ball, location: 2F
3-2: Base on Balls
Batting: LHB Jorge Zarazua 0-0: Foul Ball, location: 2F
0-1: 2-RUN HOME RUN (Flyball, 89XD, EV 100.0 MPH), Distance : 392 ft
Batting: SHB Justin Houser 0-0: Called Strike
0-1: Swinging Strike
0-2: Foul Ball, location: 2F
0-2: Foul Ball, location: 2F
0-2: Strikes out swinging
Batting: RHB Kyle Burns 0-0: Ball
1-0: Ball
2-0: Ground out 1-3 (Groundball, P, EV 67.5 MPH)
Batting: RHB Roberto Ruiz 0-0: Ball
1-0: Ball
2-0: Swinging Strike
2-1: Swinging Strike
2-2: Strikes out looking
Bottom of the 2nd over - 2 runs, 1 hit, 0 errors, 0 left on base; Hillsboro 0 - State College 2
TOP OF THE 3RD
Hillsboro Hops batting - Pitching for State College Spikes : RHP Roberto Ruiz
Batting: RHB Antonio Luisa 0-0: Ball
1-0: SINGLE (Line Drive, 89S, EV 102.5 MPH)
Batting: RHB Ryuki Ogasawara 0-0: Called Strike
0-1: Ball
Passed Ball!
Antonio Luisa to second
1-1: Swinging Strike
1-2: Foul Ball, location: 2F
1-2: Strikes out swinging
Batting: RHB Trevor Corey 0-0: Called Strike
0-1: Ball
1-1: Swinging Strike
1-2: Ball
2-2: Strikes out swinging
Batting: RHB Yutaka Oki 0-0: Ground out 3-1 (Groundball, 34, EV 105.0 MPH)
Top of the 3rd over - 0 runs, 1 hit, 0 errors, 1 left on base; Hillsboro 0 - State College 2
BOTTOM OF THE 3RD
State College Spikes batting - Pitching for Hillsboro Hops : RHP Jordan Rondon
Batting: RHB McGwire Jones 0-0: Called Strike
0-1: Ball
1-1: Called Strike
1-2: Reached on error, E5 (Groundball, 56, EV 91.2 MPH)
Batting: RHB Bobby Miles 0-0: Ball
1-0: Called Strike
1-1: Foul Ball, location: 2F
1-2: Foul Ball, location: 2F
1-2: Foul Ball, location: 2F
1-2: Ball
2-2: Fly out, F9 (Flyball, 89M, EV 98.1 MPH)
Batting: RHB Tim Cleary 0-0: Fielders Choice at 2nd, 5-4 (Groundball, 56, EV 93.1 MPH)
Batting: LHB Ignacio Ocampo 0-0: Ball
1-0: Called Strike
Tim Cleary steals 2nd, throwing error, E2
Tim Cleary to third
1-1: Called Strike
1-2: Fly out, F4 (Popup, 34S, EV 85.0 MPH)
Bottom of the 3rd over - 0 runs, 0 hits, 2 errors, 1 left on base; Hillsboro 0 - State College 2
TOP OF THE 4TH
Hillsboro Hops batting - Pitching for State College Spikes : RHP Roberto Ruiz
Batting: RHB Daniel Rivera 0-0: Called Strike
0-1: Ball
1-1: Called Strike
1-2: Ball
2-2: Ball
3-2: Strikes out looking
Batting: RHB Terry Jarrells 0-0: Ball
1-0: Ball
2-0: Swinging Strike
2-1: Ball
3-1: Fly out, F9 (Flyball, 89M, EV 81.2 MPH)
Batting: LHB Franklin Quezada 0-0: Called Strike
0-1: SINGLE (Groundball, 4M, EV 105.0 MPH) (infield hit)
Batting: RHB Jonathan Underhill 0-0: Ball
Franklin Quezada is caught stealing 2nd base 2-4
Top of the 4th over - 0 runs, 1 hit, 0 errors, 0 left on base; Hillsboro 0 - State College 2
BOTTOM OF THE 4TH
State College Spikes batting - Pitching for Hillsboro Hops : RHP Jordan Rondon
Batting: RHB Joe LaDue 0-0: Fly out, F4 (Popup, 34D, EV 65.6 MPH)
Batting: LHB Jorge Zarazua 0-0: SINGLE (Flyball, 5D, EV 86.2 MPH)
Batting: SHB Justin Houser 0-0: Swinging Strike
0-1: Ball
1-1: Ball
2-1: Ball
3-1: Foul Ball, location: 2F
3-2: Strikes out swinging
Batting: RHB Kyle Burns 0-0: Ball
1-0: DOUBLE (Line Drive, 9LS, EV 101.9 MPH)
Jorge Zarazua to third
Runner from 3rd tries for Home, SAFE, throw by RF to trailing runner, SAFE at third!
Batting: RHB Roberto Ruiz 0-0: Swinging Strike
0-1: Foul Ball, location: 2F
0-2: Foul Ball, location: 2F
0-2: Ball
1-2: Strikes out swinging
Bottom of the 4th over - 1 run, 2 hits, 0 errors, 1 left on base; Hillsboro 0 - State College 3
TOP OF THE 5TH
Hillsboro Hops batting - Pitching for State College Spikes : RHP Roberto Ruiz
Batting: RHB Jonathan Underhill 0-0: Called Strike
0-1: Foul Ball, location: 2F
0-2: Ball
1-2: Foul Ball, location: 2F
1-2: Foul Ball, location: 2F
1-2: Strikes out swinging
Batting: RHB Cesar Rendon 0-0: Ball
1-0: Reached on error, E1 (Groundball, 13, EV 68.8 MPH)
Batting: RHB Antonio Luisa 0-0: Ball
1-0: Called Strike
1-1: Foul Ball, location: 2F
1-2: Ball
2-2: Strikes out swinging
Batting: RHB Ryuki Ogasawara 0-0: Ball
1-0: Ball
2-0: SINGLE (Flyball, 5D, EV 99.4 MPH)
Cesar Rendon to second
Batting: RHB Trevor Corey 0-0: Ball
Wild Pitch!
Cesar Rendon to third
Ryuki Ogasawara to second
1-0: Ball
2-0: Foul Ball, location: 2F
2-1: Ball
3-1: SINGLE (Groundball, 56D, EV 94.4 MPH)
Cesar Rendon scores
Ryuki Ogasawara to third
Runner from 3rd tries for Home, SAFE, throw by LF to home
Batting: RHB Yutaka Oki 0-0: Called Strike
0-1: Ball
1-1: Fielders Choice at 2nd, 6-4 (Groundball, 6, EV 106.9 MPH)
Top of the 5th over - 2 runs, 2 hits, 1 error, 1 left on base; Hillsboro 2 - State College 3
BOTTOM OF THE 5TH
State College Spikes batting - Pitching for Hillsboro Hops : RHP Jordan Rondon
Batting: RHB McGwire Jones 0-0: Called Strike
0-1: SINGLE (Line Drive, 89S, EV 100.0 MPH)
Batting: RHB Bobby Miles 0-0: Called Strike
0-1: Ball
1-1: Swinging Strike
1-2: Fly out, F9 (Flyball, 89XD, EV 103.1 MPH)
Batting: RHB Tim Cleary 0-0: SINGLE (Groundball, 6MS, EV 80.0 MPH) (infield hit)
McGwire Jones to second
Batting: LHB Ignacio Ocampo 0-0: Ball
1-0: Called Strike
1-1: Swinging Strike
1-2: Foul Ball, location: 2F
1-2: Ball
2-2: Ball
3-2: Strikes out swinging
Batting: RHB Joe LaDue 0-0: Ball
1-0: Ball
2-0: SINGLE (Flyball, 3D, EV 96.2 MPH)
McGwire Jones to third
Tim Cleary to second
Runner from 3rd tries for Home, throw by RF and OUT! 9-2
Bottom of the 5th over - 0 runs, 3 hits, 0 errors, 2 left on base; Hillsboro 2 - State College 3
TOP OF THE 6TH
Hillsboro Hops batting - Pitching for State College Spikes : RHP Roberto Ruiz
Batting: RHB Daniel Rivera 0-0: DOUBLE (Groundball, 5L, EV 96.2 MPH)
Batting: RHB Terry Jarrells 0-0: Fly out, F7 (Flyball, 78S, EV 93.8 MPH)
Batting: LHB Franklin Quezada 0-0: Swinging Strike
0-1: Ball
1-1: Called Strike
1-2: Strikes out looking
Batting: RHB Jonathan Underhill 0-0: Fly out, F6 (Popup, 6M, EV 69.4 MPH)
Top of the 6th over - 0 runs, 1 hit, 0 errors, 1 left on base; Hillsboro 2 - State College 3
BOTTOM OF THE 6TH
State College Spikes batting - Pitching for Hillsboro Hops : RHP Jordan Rondon
Batting: LHB Jorge Zarazua 0-0: Called Strike
0-1: Foul Ball, location: 2F
0-2: Strikes out swinging
Batting: SHB Justin Houser 0-0: Foul Ball, location: 2F
0-1: Foul Ball, location: 2F
0-2: Ball
1-2: Foul Ball, location: 2F
1-2: Ball
2-2: Ball
3-2: Foul Ball, location: 2F
3-2: Foul Ball, location: 2F
3-2: Fly out, F8 (Flyball, 8RM, EV 91.2 MPH)
Batting: RHB Kyle Burns 0-0: Foul Ball, location: 2F
0-1: Ground out 5-3 (Groundball, 56S, EV 88.1 MPH)
Bottom of the 6th over - 0 runs, 0 hits, 0 errors, 0 left on base; Hillsboro 2 - State College 3
TOP OF THE 7TH
Hillsboro Hops batting - Pitching for State College Spikes : RHP Roberto Ruiz
Batting: RHB Cesar Rendon 0-0: Called Strike
0-1: Ground out 4-3 (Groundball, 4MS, EV 78.1 MPH)
Batting: RHB Antonio Luisa 0-0: Called Strike
0-1: Fly out, F7 (Flyball, 7, EV 93.1 MPH)
Pinch Hitting: LHB Dillon Rizzuto 0-0: Called Strike
0-1: Called Strike
0-2: Foul Ball, location: 2F
0-2: Strikes out swinging
Top of the 7th over - 0 runs, 0 hits, 0 errors, 0 left on base; Hillsboro 2 - State College 3
BOTTOM OF THE 7TH
State College Spikes batting - Pitching for Hillsboro Hops : RHP Jordan Rondon
Now at SS: Orlando Florez
Batting: RHB Roberto Ruiz 0-0: Ball
1-0: Swinging Strike
1-1: Ball
2-1: Foul Ball, location: 2F
2-2: Foul Ball, location: 2F
2-2: Foul Ball, location: 2F
2-2: Ground out 6-3 (Groundball, 6, EV 88.8 MPH)
Batting: RHB McGwire Jones 0-0: Ball
1-0: Ball
2-0: Called Strike
2-1: Foul Ball, location: 2F
2-2: Ground out 6-3 (Groundball, 6, EV 86.9 MPH)
Batting: RHB Bobby Miles 0-0: Ball
1-0: Fly out, F9 (Line Drive, 89M, EV 102.5 MPH)
Bottom of the 7th over - 0 runs, 0 hits, 0 errors, 0 left on base; Hillsboro 2 - State College 3
TOP OF THE 8TH
Hillsboro Hops batting - Pitching for State College Spikes : RHP Roberto Ruiz
Batting: RHB Trevor Corey 0-0: Ball
1-0: Swinging Strike
1-1: Foul Ball, location: 2F
1-2: Strikes out swinging, 2-3 out at first.
Batting: RHB Yutaka Oki 0-0: Called Strike
0-1: Swinging Strike
0-2: Strikes out looking
Pinch Hitting: SHB Morgan Batson 0-0: Ball
1-0: Called Strike
1-1: Ball
2-1: Ball
3-1: Foul Ball, location: 2F
3-2: Foul Ball, location: 2F
3-2: Strikes out swinging
Top of the 8th over - 0 runs, 0 hits, 0 errors, 0 left on base; Hillsboro 2 - State College 3
BOTTOM OF THE 8TH
State College Spikes batting - Pitching for Hillsboro Hops : RHP Jordan Rondon
Pitching: LHP Matt Bagnall
Now at 3B: Morgan Batson
Batting: RHB Tim Cleary 0-0: Ball
1-0: Ball
2-0: Swinging Strike
2-1: Foul Ball, location: 2F
2-2: Strikes out looking
Batting: LHB Ignacio Ocampo 0-0: Called Strike
0-1: Ball
1-1: Ball
2-1: Ground out 4-3 (Groundball, 4, EV 78.1 MPH)
Batting: RHB Joe LaDue 0-0: Ball
1-0: Foul Ball, location: 2F
1-1: Ball
2-1: Swinging Strike
2-2: Strikes out looking
Bottom of the 8th over - 0 runs, 0 hits, 0 errors, 0 left on base; Hillsboro 2 - State College 3
TOP OF THE 9TH
Hillsboro Hops batting - Pitching for State College Spikes : RHP Roberto Ruiz
Pitching: LHP Daniel Aguayo
Batting: RHB Terry Jarrells 0-0: Foul Ball, location: 2F
0-1: Called Strike
0-2: Ground out 6-3 (Groundball, 6, EV 85.6 MPH)
Pinch Hitting: RHB Danny Loyola 0-0: Ball
1-0: Foul Ball, location: 2F
1-1: Called Strike
1-2: Ball
2-2: Foul Ball, location: 2F
2-2: SOLO HOME RUN (Flyball, 7D, EV 101.9 MPH), Distance : 386 ft
Batting: RHB Jonathan Underhill 0-0: Fly out, F4 (Popup, 4S, EV 75.6 MPH)
Batting: RHB Cesar Rendon 0-0: Ball
1-0: Fly out, F8 (Flyball, 8LS, EV 85.0 MPH)
Top of the 9th over - 1 run, 1 hit, 0 errors, 0 left on base; Hillsboro 3 - State College 3
BOTTOM OF THE 9TH
State College Spikes batting - Pitching for Hillsboro Hops : LHP Matt Bagnall
Pitching: RHP John Meyer
Now in LF: Chris McGrath
Now in RF: Yutaka Oki
Batting: LHB Jorge Zarazua 0-0: Called Strike
0-1: Ground out 4-3 (Groundball, 34, EV 85.0 MPH)
Batting: SHB Justin Houser 0-0: Ball
1-0: Ball
2-0: Ball
3-0: Called Strike
3-1: Base on Balls
Batting: RHB Kyle Burns 0-0: Ball
Justin Houser is caught stealing 2nd base 2-4
1-0: Swinging Strike
1-1: Ground out 3-1 (Groundball, 34S, EV 83.1 MPH)
Bottom of the 9th over - 0 runs, 0 hits, 0 errors, 0 left on base; Hillsboro 3 - State College 3
TOP OF THE 10TH
Hillsboro Hops batting - Pitching for State College Spikes : LHP Daniel Aguayo
Batting: RHB Antonio Luisa 0-0: Reached on error, E1 (Groundball, 15S, EV 70.6 MPH)
Batting: RHB Orlando Florez 0-0: Intentional Walk
Batting: RHB Trevor Corey 0-0: Bunted foul
0-1: Ball
1-1: Ball
2-1: Sac Bunt to 2R - play at first, batter OUT! 2-4
Antonio Luisa to third
Orlando Florez to second
Batting: RHB Yutaka Oki 0-0: Intentional Walk
Pinch Hitting: RHB Alejandro Hernandez 0-0: Called Strike
0-1: Foul Ball, location: 2F
0-2: Foul Ball, location: 2F
0-2: Ball
1-2: Ball
2-2: Ball
3-2: Foul Ball, location: 2F
3-2: Foul Ball, location: 2F
3-2: Grounds into fielders choice 6-2 (Groundball, 6, EV 79.4 MPH)
Orlando Florez to third
Yutaka Oki to second
Batting: RHB Terry Jarrells 0-0: Ball
1-0: Foul Ball, location: 2F
1-1: Fielders Choice at 2nd, 6-4 (Groundball, 56, EV 108.1 MPH)
Top of the 10th over - 0 runs, 0 hits, 1 error, 3 left on base; Hillsboro 3 - State College 3
BOTTOM OF THE 10TH
State College Spikes batting - Pitching for Hillsboro Hops : RHP John Meyer
Now at 3B: Josh Kirk
Batting: RHB Roberto Ruiz 0-0: Foul Ball, location: 2F
0-1: Ball
1-1: Ball
2-1: Ball
3-1: Swinging Strike
3-2: Base on Balls
Batting: RHB McGwire Jones 0-0: Bunt missed!
0-1: Bunted foul
0-2: Ball
1-2: Foul Ball, location: 2F
1-2: Foul Ball, location: 2F
1-2: Fielders Choice at 2nd, 2-6 (Groundball, 13S, EV 70.0 MPH)
Batting: RHB Bobby Miles 0-0: Foul Ball, location: 2F
0-1: Ball
1-1: Foul Ball, location: 2F
1-2: Ball
2-2: Ball
3-2: Base on Balls
McGwire Jones to second
Pinch Hitting: SHB Justin Towry 0-0: Ball
1-0: Fielders Choice at 2nd, 4-6 (Groundball, 4, EV 101.2 MPH)
McGwire Jones to third
Batting: LHB Ignacio Ocampo 0-0: Called Strike
0-1: Swinging Strike
0-2: Strikes out looking
Bottom of the 10th over - 0 runs, 0 hits, 0 errors, 2 left on base; Hillsboro 3 - State College 3
TOP OF THE 11TH
Hillsboro Hops batting - Pitching for State College Spikes : LHP Daniel Aguayo
Pitching: LHP Paul Fuller
Now at 2B: Justin Towry
Now at SS: Joe LaDue
Batting: RHB Chris McGrath 0-0: Ball
1-0: Ball
2-0: Ball
3-0: Called Strike
3-1: Fly out, F9 (Line Drive, 89M, EV 95.6 MPH)
Batting: RHB Jonathan Underhill 0-0: Ball
1-0: Called Strike
1-1: Swinging Strike
1-2: Ball
2-2: Foul Ball, location: 2F
2-2: Fly out, F4 (Line Drive, 4, EV 61.2 MPH)
Batting: RHB Cesar Rendon 0-0: Ball
1-0: Ground out 4-3 (Groundball, 4M, EV 102.5 MPH)
Top of the 11th over - 0 runs, 0 hits, 0 errors, 0 left on base; Hillsboro 3 - State College 3
BOTTOM OF THE 11TH
State College Spikes batting - Pitching for Hillsboro Hops : RHP John Meyer
Batting: RHB Joe LaDue 0-0: Ball
1-0: Ball
2-0: Ground out 3-1 (Groundball, 34, EV 88.1 MPH)
Batting: LHB Jorge Zarazua 0-0: Called Strike
0-1: Swinging Strike
0-2: Ball
1-2: Ball
2-2: Foul Ball, location: 2F
2-2: SINGLE (Line Drive, 34, EV 104.4 MPH)
Batting: SHB Justin Houser 0-0: Ball
1-0: Foul Ball, location: 2F
1-1: Swinging Strike
1-2: Ball
2-2: SINGLE (Groundball, 56D, EV 100.6 MPH)
Jorge Zarazua to second
Pitching: RHP Franklin Salazar
Pinch Runner at 2nd Ben Politi:
Batting: RHB Kyle Burns 0-0: Sac Bunt to 2L - play at first, batter OUT! 2-4
Ben Politi to third
Justin Houser to second
Batting: RHB Roberto Ruiz 0-0: Intentional Walk
Pinch Hitting: LHB Billy Lang 0-0: Ball
1-0: Foul Ball, location: 2F
1-1: Foul Ball, location: 2F
1-2: Ball
2-2: Ball
3-2: Strikes out swinging
Bottom of the 11th over - 0 runs, 2 hits, 0 errors, 3 left on base; Hillsboro 3 - State College 3
TOP OF THE 12TH
Hillsboro Hops batting - Pitching for State College Spikes : LHP Paul Fuller
Now at 1B: Billy Lang
Now in RF: Ben Politi
Batting: RHB Antonio Luisa 0-0: Ball
1-0: Called Strike
1-1: Ball
2-1: Ground out 6-3 (Groundball, 6, EV 95.6 MPH)
Batting: RHB Orlando Florez 0-0: Foul Ball, location: 2F
0-1: Ball
1-1: Swinging Strike
1-2: Ball
2-2: Reached on error, E5 (Groundball, 56S, EV 88.8 MPH)
Batting: RHB Trevor Corey 0-0: Called Strike
0-1: Sac Bunt to 3S - play at first, batter OUT! 3-1
Orlando Florez to second
Batting: RHB Yutaka Oki 0-0: Intentional Walk
Pinch Hitting: RHB John Ricketts 0-0: Called Strike
0-1: Foul Ball, location: 2F
0-2: TRIPLE (Line Drive, 89XD, EV 101.9 MPH)
Orlando Florez scores
Yutaka Oki scores
Batting: RHB Terry Jarrells 0-0: Called Strike
0-1: Ball
1-1: Foul Ball, location: 2F
1-2: Strikes out swinging
Top of the 12th over - 2 runs, 1 hit, 1 error, 1 left on base; Hillsboro 5 - State College 3
BOTTOM OF THE 12TH
State College Spikes batting - Pitching for Hillsboro Hops : RHP Franklin Salazar
Now at 3B: Brandon Joshua
Batting: RHB Bobby Miles 0-0: Called Strike
0-1: Swinging Strike
0-2: Ball
1-2: Ball
2-2: Foul Ball, location: 2F
2-2: Ball
3-2: Base on Balls
Batting: SHB Justin Towry 0-0: Ball
1-0: Ball
2-0: Called Strike
2-1: Swinging Strike
2-2: Foul Ball, location: 2F
2-2: Strikes out swinging
Batting: LHB Ignacio Ocampo 0-0: Ball
1-0: Called Strike
1-1: Ball
2-1: Foul Ball, location: 2F
2-2: Strikes out swinging
Batting: RHB Joe LaDue 0-0: Called Strike
0-1: Foul Ball, location: 2F
0-2: Ball
1-2: Ball
2-2: Fly out, F8 (Line Drive, 8RM, EV 96.9 MPH)
Bottom of the 12th over - 0 runs, 0 hits, 0 errors, 1 left on base; Hillsboro 5 - State College 3
Tuesday, March 28th , 2023 - OOTP Baseball 23.10 Build 110